 Dungeon Crawl Stone Soup version 0.30.0-11-gf55b779eaf (webtiles) character file.

Game seed: 4950006972628689398

23 safid the Chiller (level 2, 0/21 HPs)
             Began as a Merfolk Ice Elementalist on May 16, 2023.
             Slain by a hobgoblin (5 damage)
             ... on level 3 of the Dungeon.
             The game lasted 00:01:19 (1818 turns).

safid the Chiller (Merfolk Ice Elementalist)        Turns: 1818, Time: 00:01:20

Health: 0/21       AC:  2    Str:  8    XL:     2   Next: 95%
Magic:  3/5        EV: 12    Int: 14    God:
Gold:   57         SH:  0    Dex: 14    Spells: 4/5 levels left

rFire   . . .        f - +2 dagger (speed)
rCold   . . .        (no shield)
rNeg    . . .        a - +0 robe
rPois   +            (no helmet)
rElec   .            (no cloak)
rCorr   .            (no gloves)
SInv    .            (no boots)
Will    .....        c - amulet of the acrobat
Stlth   ++           d - ring of poison resistance
HPRegen 0.23/turn    (no ring)
MPRegen 0.09/turn

%: acrobat
@: lethally poisoned (0 -> -2)
A: (nimble swimmer 2), mertail
a: no special abilities


You were on level 3 of the Dungeon.
You visited 1 branch of the dungeon, and saw 3 of its levels.

You collected 57 gold pieces.

Inventory:

Hand Weapons
 f - a +2 dagger of speed (weapon)
Armour
 a - a +0 robe (worn)
Jewellery
 c - an amulet of the acrobat (around neck)
 d - a ring of poison resistance (left hand)
Scrolls
 e - a scroll of immolation {unknown}
 g - a scroll of blinking {unknown}
 h - 5 scrolls of identify {unknown}
 j - a scroll of amnesia {unknown}
Potions
 b - a potion of magic
 i - 3 potions of attraction {unknown}
 k - a potion of berserk rage {unknown}


   Skills:
 + Level 1.4 Fighting
 - Level 2.6 Dodging
 - Level 2.1 Stealth
 + Level 2.4 Spellcasting
 + Level 4.7 Ice Magic


You had 4 spell levels left.
You knew the following spells:

 Your Spells              Type           Power      Damage    Failure   Level
a - Freeze                Ice            56%        1d7       3%          1

Your spell library contained the following spells:

 Spells                   Type           Power      Damage    Failure   Level
 Frozen Ramparts          Ice            28%        1d5       10%         3
 Ozocubu's Armour         Ice            14%        N/A       10%         3
 Summon Ice Beast         Ice/Summ       8%         N/A       65%         4


Dungeon Overview and Level Annotations

Branches:
Dungeon (3/15)

Altars:
Dithmenos
Hepliaklqana

Annotations:
D:3 Grinder


Innate Abilities, Weirdness & Mutations

((You are very nimble when in or above water. (Stealth+, EV+, Speed+++)))
Your lower body shifts to a powerful aquatic tail in water.


Message History

The hobgoblin is almost dead.
The adder bites you.
You closely miss the hobgoblin.
The hobgoblin is almost dead.
The hobgoblin completely misses you. The adder bites you.
You are poisoned.
The adder poisons you!
Unknown command.
You can't go up here!
Unknown command.
Unknown command.
Unknown command.
You can't go up here!
You closely miss the adder.
You feel sick. The adder bites you. The hobgoblin barely misses you.
Grinder says, "Wait up."
Unknown command.
Casting: Freeze (safe; 3% risk of failure)
Confirm with . or Enter, or press ? or * to list all spells.
Aiming: Freeze (safe; 3% risk of failure)
Press: ? - help, Shift-Dir - straight line, f - adder
Aim: an adder You freeze the adder.
The adder is moderately wounded.
The adder seems to slow down.
You feel sick. The adder bites you.
* * * LOW HITPOINT WARNING * * *
The hobgoblin closely misses you.
An orc comes into view. It is wielding a +0 short sword.
Grinder blinks!
Casting: Freeze (safe; 3% risk of failure)
Confirm with . or Enter, or press ? or * to list all spells.
Aiming: Freeze (safe; 3% risk of failure)
Press: ? - help, Shift-Dir - straight line, f/p - adder
Aim: an adder (moderately wounded, slow)
You freeze the adder.
The adder is almost dead.
The adder seems to slow down.
The orc shouts!
You feel sick. The hobgoblin hits you.
You die...

.#.# #).# .. .o..
#..# ..# ._..
...###.###
...##..5......
#..#.........
##.##...........
....ยง...........
##.####S@g......
................
#######.........
#.........
#####.#### .# .
..


You could see Grinder, an adder (slow), an orc and a hobgoblin.

Vanquished Creatures
  2 bats (D:1)
  6 endoplasms
  A hobgoblin (D:2)
  A quokka (D:1)
  2 frilled lizards (D:1)
  4 goblins
  A kobold (D:2)
  3 rats
20 creatures vanquished.

Notes
Turn   | Place    | Note
-------+----------+-------------------------------------------
     0 | D:1      | safid the Merfolk Ice Elementalist began the quest for the
                  | Orb.
     0 | D:1      | Reached XP level 1. HP: 13/13 MP: 3/3
   170 | D:1      | Found a faded altar of an unknown god.
   443 | D:1      | Reached XP level 2. HP: 20/20 MP: 5/5
   509 | D:1      | Reached skill level 1 in Fighting
  1343 | D:2      | Found a hazy altar of Hepliaklqana.
  1806 | D:3      | Found a shadowy altar of Dithmenos.
  1811 | D:3      | Noticed Grinder
  1818 | D:3      | Slain by a hobgoblin

Illustrated notes

Levels and vault maps discovered:
D:1:      lightli_arrival_farm, layout_loops_corners,
          ebering_ecumenical_altar_mist
D:2:      layout_basic, basic_altar
D:3:      layout_rooms, mainiacjoe_overflow_small_starburst,
          nicolae_overflow_crystal_walls, jmf_multi_god_temple, uniq_ijyb,
          uniq_grinder, uniq_robin

Skill      XL: |  1  2 |
---------------+-------+-----
Fighting       | 1 |  1.4
Dodging        | |  2.6
Stealth        | |  2.1
Spellcasting   | |  2.4
Ice Magic      | |  4.7

Action                     || total
---------------------------++-------
  Melee: Dagger            ||    64
         Unarmed           ||     1
   Cast: Freeze            ||     9
   Stab: Sleeping          ||     5
 Armour: Robe              ||     6
  Dodge: Dodged            ||    42
